 Dungeon Crawl Stone Soup version 0.19.1-1-g22dce08 (console) character file.

505 Grinner the Skirmisher (level 6, -2/52 HPs)
             Began as a Draconian Assassin on Jan 16, 2017.
             Was a Believer of Vehumet.
             Slain by SeanCanFly's ghost (6 damage)
             ... on level 4 of the Dungeon.
             The game lasted 00:14:17 (3910 turns).

Grinner the Skirmisher (Draconian Assassin)         Turns: 3910, Time: 00:14:18

Health: -2/52      AC: 11    Str: 13    XL:     6   Next: 96%
Magic:  9/9        EV: 14    Int: 11    God:    Vehumet [**....]
Gold:   159        SH:  0    Dex: 18    Spells: 2 memorised, 6 levels left

rFire  . . .     SeeInvis .     a - +3 dagger
rCold  . . .     Gourm    .     (armour unavailable)
rNeg   . . .     Faith    .     (no shield)
rPois  .         Spirit   .     (helmet restricted)
rElec  .         Reflect  .     c - +0 cloak
rCorr  .         Harm     .     (no gloves)
MR     .....                    (no boots)
Stlth  +++.......               v - amulet of regeneration
                                h - +4 ring of protection
                                p - +5 ring of dexterity

@: lethally poisoned (-2 -> -14)
A: unfitting armour, blink, dopey 1, cold-blooded, AC +6
a: Blink, Renounce Religion


You were on level 4 of the Dungeon.
You worshipped Vehumet.
Vehumet was pleased with you.
You were hungry.

You visited 1 branch of the dungeon, and saw 4 of its levels.

You collected 159 gold pieces.

Inventory:

Hand Weapons
 a - a +3 dagger (weapon)
 b - a +0 blowgun
 m - a +0 dagger of holy wrath
Missiles
 d - 35 poisoned needles
 e - 7 curare-tipped needles
Armour
 c - a +0 cloak (worn)
Rods
 w - a +2 rod of inaccuracy (2/14)
   (You found it on level 3 of the Dungeon)
Jewellery
 h - a +4 ring of protection (right hand)
 k - a +4 ring of dexterity
 p - a +5 ring of dexterity (left hand)
 v - an amulet of regeneration (around neck)
Scrolls
 j - a scroll of magic mapping
 u - a scroll of fear {unknown}
 y - a scroll of noise {unknown}
Potions
 g - a potion of magic
 i - 4 potions of lignification
 n - a potion of berserk rage
 x - a potion of invisibility {unknown}
Comestibles
 f - 3 bread rations
 o - 4 fruits
 q - 2 meat rations
 t - a beef jerky


   Skills:
 + Level 4.2 Fighting
 + Level 3.9 Short Blades
 - Level 1.7 Throwing
 + Level 3.5 Dodging
 - Level 3.6 Stealth
 + Level 2.1 Spellcasting
 + Level 2.2 Evocations


You had 6 spell levels left.
You knew the following spells:

 Your Spells              Type           Power        Failure   Level  Hunger
f - Throw Flame           Conj/Fire      #.....       43%         2    ###....
z - Freeze                Ice            #...         30%         1    ##.....


Dungeon Overview and Level Annotations

Branches:
Dungeon (4/15)
 Temple: D:4-7

Altars:
Hepliaklqana
Nemelex Xobeh
Trog
Vehumet
Zin

Annotations:
D:4 SeanCanFly's ghost, novice MiMo


Innate Abilities, Weirdness & Mutations

Your plain brown scales are hard. (AC +6)
You cannot fit into any form of body armour.
You are cold-blooded and may be slowed by cold attacks.
You can translocate small distances at will.
You are dopey. (Int -2)


Message History

SeanCanFly's ghost hits you but does no damage.
You hit SeanCanFly's ghost.
SeanCanFly's ghost is heavily damaged.
SeanCanFly's ghost whispers, "Death doesn't hurt.
What you feel is life." SeanCanFly's ghost hits you!
You closely miss SeanCanFly's ghost. You tail-slap SeanCanFly's ghost.
SeanCanFly's ghost is heavily damaged.
SeanCanFly's ghost hits you!!
You are poisoned.
You closely miss SeanCanFly's ghost.
SeanCanFly's ghost is heavily damaged.
You feel very sick. SeanCanFly's ghost hits you!
* * * LOW HITPOINT WARNING * * *
It was a potion of beneficial mutation.
You feel jittery.
You feel fantastic!
* * * LOW HITPOINT WARNING * * *
You feel sick. SeanCanFly's ghost hits you.
You die...

#....#........#.....#..#...#....
#....#........#.....#..#...#....
#....#........#.....#..#...#....
#....#........#.....#..'...'....
#....#........'.....#..#...#....
##....###..##..#.....#####'##....
....### #..##..##..........).....
....# ......W#................
....# .......@................
....# #.###..#................
....##+### ######.......#+#####'#
....#....# .....#.......+........
....'....# ...#.......#........
....###########'#.......#'#######
..................#'##...........
.............(....'..#...........
..................#..#...........


You could see SeanCanFly's ghost.

Vanquished Creatures
  A crimson imp (D:4)
  4 orc priests
  A centaur skeleton (D:4)
  Ijyb (D:3)
  5 orc wizards
  Robin (D:3)
  4 adders
  A shadow imp (D:4)
  3 oozes (D:2)
  3 worms
  A dart slug (D:1)
  17 orcs
  5 bats
  3 giant cockroaches
  13 goblins
  6 hobgoblins
  3 kobolds
  A quokka (D:2)
  A ball python (D:3)
  5 frilled lizards
  A leopard gecko skeleton (D:4)
  7 rats
87 creatures vanquished.

Notes
Turn   | Place    | Note
-------+----------+-------------------------------------------
     0 | D:1      | Grinner the Draconian Assassin began the quest for the Orb.
     0 | D:1      | Reached XP level 1. HP: 17/17 MP: 1/1
   193 | D:1      | Reached skill level 1 in Dodging
   296 | D:1      | Reached XP level 2. HP: 25/25 MP: 2/2
  1110 | D:2      | Reached XP level 3. HP: 27/30 MP: 3/3
  1653 | D:2      | Reached skill level 3 in Fighting
  1653 | D:2      | Reached XP level 4. HP: 23/38 MP: 4/4
  1830 | D:3      | Noticed Robin
  1872 | D:3      | Killed Robin
  2047 | D:3      | Found a faded altar of an unknown god.
  2059 | D:3      | Became a worshipper of Vehumet
  2059 | D:3      | Reached * piety under Vehumet
  2059 | D:3      | Offered knowledge of Freeze by Vehumet.
  2062 | D:3      | Learned a level 1 spell: Freeze
  2168 | D:3      | Found a hazy altar of Hepliaklqana.
  2184 | D:3      | Found a sparkling altar of Nemelex Xobeh.
  2225 | D:3      | Found a bloodstained altar of Trog.
  2228 | D:3      | Found a glowing silver altar of Zin.
  2356 | D:3      | Noticed Ijyb
  2358 | D:3      | Killed Ijyb
  2358 | D:3      | Reached XP level 5. HP: 45/45 MP: 5/5
  2373 | D:3      | Identified a +1 rod of inaccuracy (12/12) (You found it on level 3 of the Dungeon)
  2428 | D:3      | Gained mutation: You possess an exceptional clarity of mind. [potion of mutation]
  2428 | D:3      | Gained mutation: You are dopey. (Int -2) [potion of mutation]
  2631 | D:3      | Reached skill level 1 in Spellcasting
  2635 | D:3      | Reached skill level 1 in Evocations
  2861 | D:4      | Reached XP level 6. HP: 52/52 MP: 7/7
  2978 | D:4      | Reached skill level 4 in Fighting
  3034 | D:4      | Gained mutation: Your muscles are strong. (Str +2) [potion of mutation]
  3034 | D:4      | Lost mutation: Your muscles are strong. (Str +2) [potion of mutation]
  3034 | D:4      | Lost mutation: You possess an exceptional clarity of mind. [potion of mutation]
  3200 | D:4      | Reached ** piety under Vehumet
  3200 | D:4      | Offered knowledge of Throw Flame by Vehumet.
  3214 | D:4      | Learned a level 2 spell: Throw Flame
  3345 | D:4      | Noticed SeanCanFly's ghost (novice MiMo)
  3910 | D:4      | Gained mutation: You can translocate small distances at will. [potion of beneficial mutation]
  3910 | D:4      | Slain by SeanCanFly's ghost

Skill      XL: |  1  2  3  4  5  6 |
---------------+-------------------+-----
Dodging        | 1 2 3 |  3.5
Fighting       | 3 4 |  4.2
Short Blades   | 3 |  3.9
Spellcasting   | 1 2 |  2.1
Evocations     | 1 2 |  2.2
Throwing       | |  1.7
Stealth        | |  3.6

Action                   |  1- 3 |  4- 6 || total
-------------------------+-------+-------++-------
Melee: Dagger            |   124 |   188 ||   312
       Tailslap          |    14 |    32 ||    46
 Fire: Blowgun           |    10 |     8 ||    18
 Cast: Freeze            |       |     1 ||     1
Evoke: Rod               |       |    21 ||    21
  Use: Scroll            |       |     9 ||     9
       Potion            |       |     7 ||     7
 Stab: Sleeping          |     5 |     8 ||    13
       Distracted        |       |     1 ||     1
  Eat: Chunk             |     2 |    10 ||    12
Armor: Skin              |    30 |    68 ||    98
Dodge: Dodged            |    74 |   106 ||   180
